Map: 凯罗斯中转站-天梯版

Players

puCK (Nina)

  • Race: Protoss Protoss

SpeCial - Winner!

  • Race: Terran Terran

Event: WESG 2018 Grand Finals

VOD

Have the link to the VOD?

Description

Time

  • Played on: March 11, 2019, 3:47 a.m.
  • Length: 6:59

All games in this series

Show
View Real Time Build Order
Export as new Build Order

puCK Protoss 

Build Orders: 1 Gate Expand 

Get SALT Encoding   

  12  0:00  Probe  
  13  0:12  Probe  
  14  0:18  Pylon  
  14  0:24  Probe  
  15  0:37  Probe  
  15  0:38  Gateway  
  16  0:46  Probe  
  16  0:47  Assimilator  
  16  0:54  Probe  
  18  1:05  Probe  
  19  1:18  Probe  
  20  1:25  Cybernetics Core  
  20  1:36  Nexus  
  20  1:44  Pylon  
  20  1:47  Probe  
  20  1:52  Stalker, Assimilator  
  22  2:05  Warp Gate  
  22  2:06  Probe  
  24  2:17  Stalker  
  24  2:21  Probe  
  24  2:33  Probe  
  25  2:41  Shield Battery  
  25  2:46  Probe  
  25  2:47  Probe  
  27  2:55  Stalker  
  27  2:58  Probe  
  30  3:05  Robotics Facility  
  30  3:10  Probe  
  31  3:17  Probe  
  32  3:25  Probe  
  33  3:27  Stalker  
  34  3:40  Pylon, Gateway  
  33  4:00  Probe  
  29  4:08  Stalker  
  29  4:09  Immortal  
  29  4:32  Stalker  
  29  4:34  Probe  
  32  4:39  Probe  
  32  4:43  Probe  
  33  4:45  Shield Battery  
  33  4:47  Observer  
  33  4:52  Probe  
  35  4:53  Probe  
  37  5:00  Robotics Bay  
  37  5:03  Probe  
  37  5:04  Probe  
  39  5:11  Probe  
  39  5:12  Probe, Observer  
  40  5:15  Sentry  
  40  5:19  Probe  
  40  5:20  Probe  
  44  5:23  Assimilator  
  44  5:27  Warp Prism  
  46  5:30  Probe  
  46  5:31  Probe, Observer  
  50  5:43  Pylon, Probe  
  50  5:45  Probe  
  52  5:53  Disruptor  
  52  5:56  Probe  
  53  5:57  Probe  
  57  6:04  Stalker  
  57  6:05  Stalker  
  57  6:08  Probe  
  62  6:13  Pylon  
  62  6:15  Shield Battery  
  62  6:23  Probe  
  58  6:29  Stalker x2  
  64  6:40  Probe  
  64  6:42  Probe  
  64  6:54  Stalker  
Show
View Real Time Build Order
Export as new Build Order

SpeCial Terran - Winner!

Build Orders: Cyclone Opening 

Get SALT Encoding   

  12  0:00  SCV  
  13  0:12  SCV  
  14  0:18  Supply Depot  
  14  0:24  SCV  
  15  0:40  Barracks, SCV  
  16  0:47  Refinery  
  16  0:52  SCV  
  16  0:56  Refinery  
  17  1:04  SCV  
  18  1:16  SCV  
  19  1:28  Reaper, Orbital Command  
  20  1:41  Supply Depot  
  20  1:46  Factory  
  20  1:51  Bunker  
  20  1:55  SCV  
  20  2:00  Marine  
  22  2:07  SCV  
  23  2:17  Marine  
  23  2:22  SCV  
  25  2:35  Factory Tech Lab, Marine  
  25  2:40  Command Center  
  25  2:42  SCV  
  26  2:53  Cyclone  
  29  2:59  Starport  
  29  3:02  SCV  
  30  3:06  Marine  
  30  3:12  Supply Depot  
  31  3:18  SCV  
  35  3:34  Siege Tank, SCV  
  35  3:38  Barracks  
  35  3:40  Starport Reactor  
  35  3:46  SCV  
  36  3:58  SCV  
  37  4:06  Orbital Command  
  37  4:07  Siege Tank  
  40  4:10  SCV  
  40  4:16  Barracks  
  40  4:28  Liberator  
  40  4:33  SCV  
  40  4:35  SCV  
  40  4:37  Barracks Tech Lab  
  38  4:46  Marine x2, SCV  
  38  4:47  SCV  
  38  4:52  Supply Depot  
  45  4:57  Siege Tank  
  45  4:58  SCV  
  45  4:59  Marine  
  50  5:00  SCV  
  50  5:03  Marine  
  50  5:04  Marine  
  53  5:07  Combat Shield  
  53  5:10  SCV  
  53  5:13  SCV  
  55  5:15  Supply Depot  
  55  5:20  Marine x2  
  57  5:21  Marine  
  57  5:22  Marine, SCV  
  57  5:25  SCV  
  57  5:26  Supply Depot  
  61  5:34  SCV  
  62  5:36  Siege Tank  
  62  5:38  Marine x2, Supply Depot, SCV  
  62  5:39  Marine  
  69  5:46  SCV  
  69  5:48  Medivac  
  69  5:49  Supply Depot  
  72  5:50  SCV  
  72  5:56  Marine x2  
  75  5:57  Marine  
  75  5:58  Engineering Bay  
  75  6:01  SCV  
  75  6:02  SCV  
  78  6:13  SCV  
  78  6:14  SCV  
  78  6:15  Refinery, Supply Depot  
  78  6:16  Marine  
  78  6:17  Marine  
  82  6:19  Marine  
  84  6:25  SCV  
  84  6:26  Starport Reactor  
  84  6:27  SCV  
  86  6:34  Marine  
  86  6:37  SCV  
  86  6:39  SCV  
  84  6:57  Command Center  
  84  6:58  Refinery  
Tags
 
Add a new tag
Caveats
  • Supply blocks, unpowered buildings, or Contaminate may cause inaccurate times.
  • Supply counts are checked every 10 seconds.